 Dungeon Crawl Stone Soup version 0.22.2-1-ge965b3a (webtiles) character file.

44 Fang the Skirmisher (level 3, 0/24 HPs)
             Began as a Gargoyle Berserker on Feb 8, 2019.
             Was a Believer of Trog.
             Killed from afar by Sigmund (3 damage)
             ... with a magic dart
             ... on level 2 of the Dungeon on Dec 19, 2019.
             The game lasted 00:01:56 (1373 turns).

Fang the Skirmisher (Gargoyle Berserker)            Turns: 1373, Time: 00:01:57

Health: 0/24       AC:  5    Str: 21    XL:     3   Next: 62%
Magic:  3/3        EV: 12    Int:  7    God:    Trog [**....]
Gold:   20         SH:  0    Dex:  9    Spells: 2/2 levels left

rFire    . . .     SeeInvis .   a - +0 hand axe
rCold    . . .     Gourm    .   (no shield)
rNeg     + . .     Faith    .   b - +0 animal skin
rPois    ∞         Spirit   .   (no helmet)
rElec    +         Reflect  .   (no cloak)
rCorr    .         Harm     .   (no gloves)
MR       .....     Rnd*Tele +   (no boots)
Stlth    +.........             (no amulet)
HPRegen  0.08/turn              e - ring of teleportation (curse)
MPRegen  0.08/turn              (no ring)

@: no status effects
A: negative energy resistance 1, electricity resistance, unbreathing,
petrification resistance, rot immunity, AC +3
a: Berserk, Trog's Hand, Renounce Religion


You were on level 2 of the Dungeon.
You worshipped Trog.
Trog was pleased with you.
You were not hungry.

You visited 1 branch of the dungeon, and saw 2 of its levels.

You collected 20 gold pieces.

Inventory:

Hand Weapons
 a - a +0 hand axe (weapon)
Armour
 b - a +0 animal skin (worn)
Jewellery
 e - a cursed ring of teleportation (left hand)
 h - an uncursed ring of fire {unknown}
Scrolls
 f - 2 scrolls of magic mapping {unknown}
 g - 2 scrolls of remove curse {unknown}
 k - a scroll of fog {unknown}
Potions
 i - a potion of curing {unknown}
 j - a potion of heal wounds {unknown}
Comestibles
 c - 2 rations
 d - a chunk of flesh


   Skills:
 + Level 3.8 Fighting
 + Level 3.1 Axes
 + Level 2.8 Armour
 + Level 2.0 Dodging


You had 2 spell levels left.
You didn't know any spells.
Your spell library was empty.

Dungeon Overview and Level Annotations

Branches:
Dungeon (2/15)

Altars:

Annotations:
D:2 Sigmund


Innate Abilities, Weirdness & Mutations

You are resistant to torment.
Your stone body is resilient. (AC +3)
You are immune to poison.
You resist negative energy. (rN+)
You are resistant to electric shocks. (rElec)
You can survive without breathing.
You are immune to petrification.
You are immune to rotting.


Message History

You are too confused!
You're too confused!
You're too confused!
You miss Sigmund.
Sigmund is moderately wounded.
Sigmund gestures at you while chanting. The puff of flame hits you!
Sigmund hits you but does no damage.
You bump into the rock wall.
You bump into the rock wall.
Sigmund hits you with a scythe!
You closely miss Sigmund.
Sigmund is moderately wounded.
Sigmund casts a spell at you. The puff of flame hits you!
* * * LOW HITPOINT WARNING * * *
You feel less confused.
Sigmund says, "Now you see me, now you don't..."
Sigmund barely misses you. Sigmund casts a spell at you.
The magic dart hits you!
You die...

.#######...#############=
.........................
.##############......#
..............').<...#
(....##########......#
.................######.#
...................)....#
.............###.########
.............# #@######
.............# #...@..#
.#######.....#
#.......... .# #.#####
#......#... .# ##.###
#......# . .# #....#
#.#...... .# #....#
#.#....... .# #....#
#.#.......# .# #....#
#.#....##.#


You could see Sigmund.

Vanquished Creatures
  A worm (D:2)
  A dart slug (D:1)
  3 giant cockroaches (D:1)
  2 goblins
  6 hobgoblins
  5 jackals (D:1)
  6 kobolds
  4 bats (D:1)
  A frilled lizard (D:2)
  7 rats (D:1)
36 creatures vanquished.

Notes
Turn   | Place    | Note
-------+----------+-------------------------------------------
     0 | D:1      | Fang the Gargoyle Berserker began the quest for the Orb.
     0 | D:1      | Reached XP level 1. HP: 14/14 MP: 1/1
    34 | D:1      | Upgraded the game from 0.22.1-6-g1668fe2 to
                  | 0.22.2-1-ge965b3a
   153 | D:1      | Reached XP level 2. HP: 19/19 MP: 2/2
   460 | D:1      | Reached XP level 3. HP: 24/24 MP: 3/3
   470 | D:1      | Reached ** piety under Trog
  1145 | D:2      | Found a faded altar of an unknown god.
  1358 | D:2      | Noticed Sigmund
  1373 | D:2      | Killed from afar by Sigmund

Skill      XL: |  1  2  3 |
---------------+----------+-----
Axes           | 3 |  3.1
Dodging        | 2 |  2.0
Fighting       | |  3.8
Armour         | |  2.8

Action                   || total
-------------------------++-------
Melee: Hand axe          ||   126
  Eat: Chunk             ||     2
Armor: Animal skin       ||    51
Dodge: Dodged            ||    92
